AoeStats
← PIGGI A MAND!!!

Arena

510351614Analyzed
4v4 RM · 20h ago on Sep 30, 2026· 38m 8s· 8 players
Game mode
Random Map
Map size
Large (8 player)
Population
200
Speed
Normal
Resources
Standard
Victory
Conquest
Starting age
Dark Age
Ending age
Imperial Age
RankedLock teamsTeams togetherTeam positionsShared explorationLock speedFull tech treeHidden civsTurbo modeCheats
Victory
Defeat
🇨🇳 Malay · China
1276
+12
🇨🇳 Khmer · China
1257
+13
🇨🇳 Huns · China
1164
+17
🇨🇳 Varangians · China
1076
+21
🇷🇴 Khitans · Romania
1194
-16
🇩🇪 Ethiopians · Germany
1189
-16
🇧🇷 Koreans · Brazil
1185
-16
🇳🇴 Danes · Norway
1168
-15
PIGGI A MAND!!!
11:29 Feudal Age
13:20 Horse Collar
13:29 Double-Bit Axe
15:46 Castle Age
18:08 Bow Saw
18:11 Heavy Plow
18:40 Loom
23:17 Town Watch
23:40 Stone Mining
25:25 Pikeman
27:31 Wheelbarrow
33:38 Imperial Age
31:16 Gold Mining
33:18 Hand Cart
34:41 Gold Shaft Mining
34:19 Forging
34:09 Scale Mail Armor
36:24 Stone Shaft Mining
36:03 Halberdier
Chaves
11:14 Feudal Age
11:53 Double-Bit Axe
11:54 Horse Collar
13:49 Loom
17:28 Castle Age
17:05 Gold Mining
18:27 Bow Saw
19:22 Gold Shaft Mining
18:50 Heavy Plow
22:12 Stone Mining
24:06 Scale Mail Armor
24:17 Forging
23:55 Town Watch
24:47 Wheelbarrow
26:59 Stone Shaft Mining
25:56 Pikeman
27:05 Fletching
27:31 Chain Mail Armor
33:31 Imperial Age
31:13 Bodkin Arrow
31:15 Arson
33:59 Iron Casting
34:08 Hand Cart
34:31 Ballistics
᲼
10:37 Feudal Age
11:10 Domestication
11:32 Loom
12:46 Double-Bit Axe
16:59 Castle Age
15:56 Gold Mining
15:57 Stone Mining
18:08 Bow Saw
18:53 Wheelbarrow
22:01 Pastoralism
27:16 Imperial Age
25:36 Forging
25:27 Scale Mail Armor
27:07 Padded Archer Armor
27:19 Fletching
27:49 Hand Cart
28:20 Ballistics
29:04 Chemistry
28:32 Leather Archer Armor
28:54 Bodkin Arrow
30:01 Town Watch
31:01 Conscription
32:43 Two-Man Saw
32:25 Ring Archer Armor
32:31 Bracer
32:56 Chain Mail Armor
33:45 Parthian Tactics
34:08 Iron Casting
33:20 Arson
33:59 Squires
33:33 Pikeman
35:42 Heavy Cavalry Archer
36:30 Thumb Ring
36:45 Gambesons
37:34 Plate Mail Armor
37:50 Thumb Ring
Panzarx
5:02 Loom
11:30 Feudal Age
16:03 Castle Age
14:31 Double-Bit Axe
14:49 Horse Collar
17:02 Bow Saw
16:58 Fletching
32:15 Gold Mining
32:23 Crossbowman
34:45 Wheelbarrow
34:57 Padded Archer Armor
35:54 Leather Archer Armor
每逢佳节瘦两斤
10:34 Feudal Age
13:47 Castle Age
11:57 Double-Bit Axe
18:31 Loom
19:26 Wheelbarrow
22:46 Bow Saw
22:57 Horse Collar
23:57 Heavy Plow
24:15 Gold Mining
25:57 Gold Shaft Mining
25:57 Stone Mining
26:05 Stone Mining
29:37 Imperial Age
29:44 Scale Barding Armor
33:32 Chain Barding Armor
33:24 Siege Engineers
38:11 Plate Barding Armor
38:40 Chemistry
38:00 Ballistics
37:54 Light Cavalry
38:45 Bloodlines
鸡翅包饭
11:31 Feudal Age
15:39 Castle Age
14:26 Loom
16:25 Forging
28:01 Fletching
31:33 Double-Bit Axe
32:59 Horse Collar
35:52 Bodkin Arrow
36:21 Padded Archer Armor
37:40 Wheelbarrow
37:35 Crossbowman
拾贰赴秋
10:46 Feudal Age
15:03 Castle Age
20:36 Horse Collar
22:14 Double-Bit Axe
23:55 Wheelbarrow
24:21 Bow Saw
24:33 Heavy Plow
26:22 Gold Mining
26:22 Stone Mining
27:58 Hand Cart
30:20 Imperial Age
28:57 Forging
28:47 Scale Mail Armor
29:16 Gambesons
29:31 Squires
29:16 Arson
30:42 Stone Shaft Mining
30:54 Iron Casting
30:34 Chain Mail Armor
30:35 Elite Varangian Guard
31:08 Capped Ram
33:31 Blast Furnace
33:02 Plate Mail Armor
33:37 Conscription
37:03 Plate Mail Armor
优雅猫
10:35 Feudal Age
11:45 Double-Bit Axe
14:44 Castle Age
15:50 Wheelbarrow
16:04 Bow Saw
15:57 Loom
19:30 Horse Collar
19:50 Gold Mining
23:25 Hand Cart
22:56 Town Watch
23:48 Gold Shaft Mining
23:06 Stone Mining
23:22 Husbandry
23:32 Bloodlines
24:07 Fletching
24:57 Heavy Plow
25:42 Bodkin Arrow
27:27 Bloodlines
32:06 Imperial Age
29:45 Scale Barding Armor
29:50 Forging
31:02 Thumb Ring
31:31 Padded Archer Armor
31:53 Ballistics
31:43 Masonry
31:55 Chain Barding Armor
33:12 Bracer
34:12 Chemistry
34:09 Leather Archer Armor
35:26 Heavy Cavalry Archer
37:25 Parthian Tactics
Connection lost

Rejoining the realm…

Still unreachable

The connection could not be restored.

Session expired

The server has moved on; the page needs a fresh start.